Cogmind - Beta 13 @@@ ROGUE MODE // 2024.04.25 @ 18:23:57 Player: osman sinnoks Result: Destroyed by YI-UF0 with YI-UF0's Doublenader Performance ------------- Evolutions (0) 0 Regions Visited (4) 800 Robots Destroyed (21) 105 Value Destroyed (268) 268 Prototype IDs (3) 60 Alien Tech Used (0) 0 Bonus (300) 300 TOTAL SCORE: 1533 Bonus ------- Aligned with FarCom 300 Cogmind --------- Core Integrity 0/250 Matter 251/300 Energy 57/100 System Corruption 0% Temperature Cool (15) Movement Flying (37) Location -9/Mines Parts ------- > --- POWER (1) -------- (None) > --- PROPULSION (2) --- Flight Unit Flight Unit > --- UTILITY (2) ------ Seismic Detector > --- WEAPON (2) ------- Mini Grenade Launcher > --- INVENTORY (5) ---- Flight Unit Signal Interpreter Transport Network Coupler Latent Energy Streamer Rocket Launcher Peak State ------------ > --- POWER ------------ Light Ion Engine > --- PROPULSION ------- Flight Unit Flight Unit > --- UTILITY ---------- Seismic Detector > --- WEAPON ----------- Firepult > --- INVENTORY -------- Flight Unit Flight Unit Transport Network Coupler [Rating: 24] Favorites ----------- Power Light Nuclear Core Engine Ion Engine Power Core Light Nuclear Core Propulsion Aluminum Leg Leg Aluminum Leg Flight Unit Flight Unit Utility Seismic Detector Device Seismic Detector Protection Light Armor Plating Weapon Assault Rifle Energy Gun Particle Gun Energy Cannon Light EM Pulse Cannon Ballistic Gun Assault Rifle Launcher Mini Grenade Launcher Build | -11 -10 -10 -10 -9 ------- Run | Yrd Mat Min Exi Min Slots Evolved . | . . . . . Power . | . . . . . Propulsion . | . . . . . Utility . | . . . . . Weapon . | . . . . . Parts Attached 21 | 7 3 4 5 2 Power 3 | 1 1 1 . . Engine 2 | 1 . 1 . . Core 1 | . 1 . . . Reactor . | . . . . . Propulsion 5 | 2 . 2 . 1 Treads . | . . . . . Leg 2 | 2 . . . . Wheel . | . . . . . Hover . | . . . . . Flight 3 | . . 2 . 1 Utility 4 | 2 1 . 1 . Device 3 | 2 . . 1 . Storage . | . . . . . Processor . | . . . . . Hackware . | . . . . . Protection 1 | . 1 . . . Artifact . | . . . . . Weapon 9 | 2 1 1 4 1 Energy Gun 3 | 1 1 . 1 . Energy Cannon 3 | . . . 2 1 Ballistic Gun 1 | 1 . . . . Ballistic Cannon . | . . . . . Launcher 2 | . . 1 1 . Special Weapon . | . . . . . Impact Weapon . | . . . . . Slashing Weapon . | . . . . . Piercing Weapon . | . . . . . Special Melee Weapon . | . . . . . Unidentified Prototypes 3 | . . . 3 . Parts Lost 7 | . . 4 . 3 Power 2 | . . 1 . 1 Propulsion 2 | . . 1 . 1 Utility 1 | . . 1 . . Weapon 2 | . . 1 . 1 Highest Loss Streak 2 | . . 1 . 2 To Critical Strikes . | . . . . . Average Slot Usage (%) 90 | . 100 89 78 79 Engine 6 | . 8 1 14 10 Core 7 | . 5 11 . . Leg 18 | . 28 21 . . Flight 8 | . . 6 28 26 Device 15 | . 19 14 14 14 Protection 5 | . 8 5 . . Energy Gun 13 | . 14 14 10 10 Ballistic Gun 10 | . 14 12 . . Launcher 2 | . . . 10 14 Naked Turns . | . . . . . Heaviest Build 14 | 11 14 14 8 8 Greatest Support 20 | 20 20 20 8 8 Greatest Overweight (x) 1 | 1 . 1 . . Average Overweight (x) . | . . . . . Largest Inventory Capacity 5 | 5 5 5 5 5 Average Capacity 5 | 5 5 5 5 5 Most Carried 5 | 3 5 5 5 5 Average Carried 4 | 1 4 4 4 4 Final Capacity 5 | 5 5 5 5 5 Final Carried 5 | 3 5 4 4 5 Class Distribution -------------------- 71% | Mutant 28% | Scavenger-Mutant Dominant Class ---------------- Mutant | -10/Materials Mutant | -10/Mines Scavenger-Mutant | -10/Exiles Scavenger-Mutant | -9/Mines Resources | -11 -10 -10 -10 -9 ----------- Run | Yrd Mat Min Exi Min Matter Collected 575 | 294 87 128 . 66 Remotely 114 | 96 18 . . . Salvage Created 562 | 144 229 164 . 25 Parts 43 | 12 17 8 . 6 Haulers Intercepted 1 | . 1 . . . Recyclers Shooed 3 | . 2 1 . . Parts Field Recycled . | . . . . . Retrieved Matter . | . . . . . Parts Self-Destructed . | . . . . . Prevented . | . . . . . Kills | -11 -10 -10 -10 -9 ------- Run | Yrd Mat Min Exi Min Combat Hostiles Destroyed 22 | . 6 12 . 4 Guns 19 | . 6 12 . 1 AOE 3 | . . . . 3 Classes Destroyed 8 | 2 4 2 . . Worker 1 | . . 1 . . Tunneler 4 | 3 . . . 1 Hauler 1 | . 1 . . . Recycler 1 | 1 . . . . Watcher 1 | . 1 . . . Swarmer 10 | . 3 3 . 4 Grunt 3 | . 3 . . . Assembled 9 | . . 9 . . Best Kill Streak 4 | 3 3 3 . 4 Combat Bots Only 4 | . 3 3 . 4 Max Kills in Single Turn 2 | 1 1 1 . 2 Gunslinging . | . . . . . Exploded 2 | . . . . 2 Melee . | . . . . . Uniques/NPCs Destroyed . | . . . . . Combat | -11 -10 -10 -10 -9 -------- Run | Yrd Mat Min Exi Min Hostile Shots Fired 96 | . 19 60 . 17 Missed 33 | . 8 17 . 8 Damage Taken 846 | . 125 508 . 213 Core 263 | . . 162 . 101 Absorbed by Shields . | . . . . . Core Remaining (%) 100 | 100 . . . . Volleys Fired 74 | 8 19 39 . 8 Largest 2 | 2 2 2 . 2 Hottest 95 | 70 85 85 . 95 Shots Fired 141 | 16 38 74 . 13 Gun 134 | 16 38 74 . 6 Cannon 1 | . . . . 1 Launcher 6 | . . . . 6 Special . | . . . . . Kinetic 63 | 8 19 36 . . Thermal 71 | 8 19 38 . 6 Explosive 6 | . . . . 6 Electromagnetic 1 | . . . . 1 Robot Hit Streak 10 | 4 10 6 . 7 Robot Miss Streak 6 | 2 3 6 . 2 Penetration Max . | . . . . . Secondary Targets 4 | . 1 3 . . Max Gunslinging Chain 1 | . 1 1 . . Shots Hit Robots 78 | 8 24 37 . 9 Core Hits 45 | 5 12 22 . 6 Critical Kills . | . . . . . Critical Parts Destroyed . | . . . . . Critical Strikes 3 | 1 . 2 . . Burn 3 | 1 . 2 . . Melee Attacks . | . . . . . Impact . | . . . . . Slashing . | . . . . . Piercing . | . . . . . Sneak Attacks . | . . . . . Combat Hostiles . | . . . . . Follow-up Attacks . | . . . . . Damage Inflicted 1290 | 128 325 504 . 333 Guns 1018 | 128 325 504 . 61 Cannons 19 | . . . . 19 Explosions 253 | . . . . 253 Melee . | . . . . . Ramming . | . . . . . Kinetic 431 | 77 152 202 . . Thermal 587 | 51 173 302 . 61 Explosive 253 | . . . . 253 Electromagnetic 19 | . . . . 19 Impact . | . . . . . Slashing . | . . . . . Piercing . | . . . . . Highest Corruption . | . . . . . Average Corruption . | . . . . . Corruption Purged . | . . . . . Corruption Blocked . | . . . . . Overload Shots . | . . . . . Overflow Damage 4 | . . . . 4 Projectiles . | . . . . . Explosions 4 | . . . . 4 Melee . | . . . . . Knockbacks . | . . . . . Impact . | . . . . . Kinetic . | . . . . . Secondary . | . . . . . Self-Inflicted Damage . | . . . . . Shots . | . . . . . Rammed . | . . . . . Targets Rammed . | . . . . . Kicked . | . . . . . Crushed . | . . . . . Highest Temperature 344 | 27 133 344 . 145 Average Temperature 91 | 11 47 129 . 57 Received Heat Transfer 186 | . 66 120 . . Effects 3 | . . 3 . . Energy Bleed 1 | . . 1 . . Interference 2 | . . 2 . . Siege Activations . | . . . . . Robots Corrupted . | . . . . . Combat Hostiles . | . . . . . Parts Fried . | . . . . . Impact Corruptions . | . . . . . Robots Melted . | . . . . . Combat Hostiles . | . . . . . Parts Melted 3 | 1 . 2 . . Heat Transferred 1702 | 222 444 888 . 148 Parts Sabotaged . | . . . . . Parts Stolen . | . . . . . Parts Stripped . | . . . . . Power Chain Reactions . | . . . . . Alert | -11 -10 -10 -10 -9 ------- Run | Yrd Mat Min Exi Min Peak Influence 213 | 20 213 177 . 136 Initial 82 | . 13 82 . . Average 102 | 10 106 126 . 121 Maximum Alert Level 1 | . 1 . . . Low Security (%) 97 | 100 91 100 . 100 Level 1 2 | . 8 . . . Level 2 . | . . . . . Level 3 . | . . . . . Level 4 . | . . . . . Level 5 . | . . . . . High Security . | . . . . . Max Security . | . . . . . Squads Dispatched 2 | . 2 . . . Investigation 1 | . 1 . . . Extermination . | . . . . . Reinforcement 1 | . 1 . . . Assault . | . . . . . Garrison . | . . . . . Intercept . | . . . . . Searches Triggered . | . . . . . Construction Impeded . | . . . . . Haulers Reinforced . | . . . . . Active Scanning Responses . | . . . . . Cargo Convoy Interrupts . | . . . . . Stealth | -11 -10 -10 -10 -9 --------- Run | Yrd Mat Min Exi Min Distress Signals 1 | . 1 . . . Communications Jammed . | . . . . . Distress Signals . | . . . . . Times Spotted 25 | . 9 12 . 4 Peak Tracking Total 3 | . 3 3 . 2 Tactical Retreats 5 | . . 4 . 1 Traps | -11 -10 -10 -10 -9 ------- Run | Yrd Mat Min Exi Min Traps Triggered 1 | . 1 . . . Indirectly . | . . . . . Trap Hack Attempts . | . . . . . Triggered . | . . . . . Disarmed . | . . . . . Reprogrammed . | . . . . . Reused . | . . . . . Traps Extracted . | . . . . . Installed . | . . . . . Triggered 1 | . . . . 1 Machines | -11 -10 -10 -10 -9 ---------- Run | Yrd Mat Min Exi Min Machines Disabled . | . . . . . Max in Single Turn . | . . . . . Machines Repaired . | . . . . . Machines Dismantled . | . . . . . Machines Sabotaged . | . . . . . Overloaded Fab Kills . | . . . . . Hacking | -11 -10 -10 -10 -9 --------- Run | Yrd Mat Min Exi Min Machines Accessed . | . . . . . Terminals . | . . . . . Fabricators . | . . . . . Repair Stations . | . . . . . Recycling Units . | . . . . . Scanalyzers . | . . . . . Garrison Access . | . . . . . Total Hacks . | . . . . . Successful . | . . . . . Failed . | . . . . . Catastrophic . | . . . . . Database Lockouts . | . . . . . Manual 1 | . . . 1 . Terminals . | . . . . . Fabricators . | . . . . . Repair Stations . | . . . . . Recycling Units . | . . . . . Scanalyzers . | . . . . . Garrison Access . | . . . . . Terminal Hacks . | . . . . . Fabricator Hacks . | . . . . . Repair Station Hacks . | . . . . . Recycling Unit Hacks . | . . . . . Scanalyzer . | . . . . . Garrison Access Hacks . | . . . . . Unauthorized Hacks . | . . . . . Terminals . | . . . . . Fabricators . | . . . . . Repair Stations . | . . . . . Recycling Units . | . . . . . Scanalyzers . | . . . . . Garrison Access . | . . . . . Data Cores Recovered . | . . . . . Used . | . . . . . Hacking Detections . | . . . . . Full Trace Events . | . . . . . Feedback Events . | . . . . . Feedback Blocked . | . . . . . Robot Schematics Acquired . | . . . . . Robots Built . | . . . . . Authchips . | . . . . . Time . | . . . . . Total Robot Build Rating . | . . . . . Part Schematics Acquired . | . . . . . Parts Built . | . . . . . Authchips . | . . . . . Time . | . . . . . Total Part Build Rating . | . . . . . Parts Repaired . | . . . . . Time . | . . . . . Parts Recycled . | . . . . . Recycled Matter . | . . . . . Retrieved Matter . | . . . . . Retrieved Components . | . . . . . Parts Scanalyzed . | . . . . . Part Schematics Acquired . | . . . . . Parts Damaged . | . . . . . Bothacking | -11 -10 -10 -10 -9 ------------ Run | Yrd Mat Min Exi Min Used RIF Installer . | . . . . . Robots Hacked . | . . . . . Non-combat . | . . . . . Combat . | . . . . . Robot Hacks Applied . | . . . . . Relay Couplers Released . | . . . . . Fabnet Peak Effective % . | . . . . . Robots Rewired . | . . . . . Allies Hacked . | . . . . . Hacks Repelled . | . . . . . Allies | -11 -10 -10 -10 -9 -------- Run | Yrd Mat Min Exi Min Total Allies . | . . . . . Largest Group . | . . . . . Highest-Rated Group . | . . . . . Highest-Rated Ally . | . . . . . Total Orders . | . . . . . Ally Attacks . | . . . . . Total Damage . | . . . . . Kills . | . . . . . Allies Corrupted . | . . . . . Allies Melted . | . . . . . Intel | -11 -10 -10 -10 -9 ------- Run | Yrd Mat Min Exi Min Robot Analysis Total . | . . . . . Derelict Logs Recovered 1 | . . 1 . . Drone Launches . | . . . . . Drone Recoveries . | . . . . . Exploration | -11 -10 -10 -10 -9 ------------- Run | Yrd Mat Min Exi Min Turns Passed 1067 | 144 307 409 98 109 Spaces Moved 1023 | 92 196 282 227 226 Core 10 | 10 . . . . Treads . | . . . . . Legs 472 | 82 196 194 . . Wheels . | . . . . . Hover . | . . . . . Flight 541 | . . 88 227 226 Fastest Speed 37 | 50 120 37 37 37 Average Speed 77 | 112 120 101 37 37 Slowest Speed 190 | 120 120 190 37 37 Overloaded Moves . | . . . . . Propulsion Burnouts . | . . . . . Robots Hopped . | . . . . . Cave-ins Triggered . | . . . . . Exploration Rate (%) 42 | 6 39 50 61 57 Regions Visited 4 Branch Regions 3 Pre-discovered Areas 1 | . . 1 . . Known Exits Taken . | . . . . . Unknown Exits Taken 4 | 1 1 1 1 . Scrap Searched 2 | . . 1 . 1 Spaces Dug . | . . . . . Terrain Destroyed 43 | . . . . 43 Melee . | . . . . . Projectile . | . . . . . AOE 43 | . . . . 43 Terrain Rammed . | . . . . . Walls Destroyed . | . . . . . Machines Disabled . | . . . . . Actions | -11 -10 -10 -10 -9 --------- Run | Yrd Mat Min Exi Min Total 1159 | 116 230 331 242 240 Wait 6 | . 6 . . . Move 1019 | 91 195 281 226 226 Hop . | . . . . . Pick Up 25 | 10 3 4 5 3 Fast Attach 5 | . 3 1 1 . Attach 14 | 7 . 2 3 2 Detach . | . . . . . Swap 2 | . . 1 1 . Drop 14 | . 4 3 6 1 Fire 74 | 8 19 39 . 8 Melee . | . . . . . Ram . | . . . . . Kick . | . . . . . Crush . | . . . . . Escape Stasis . | . . . . . Rewire . | . . . . . Trap . | . . . . . Miscellaneous . | . . . . . Route ------- -11/Scrapyard -10/Materials (discovered 2 exits: [*Mat] / [*Min]) -10/Mines (discovered 2 exits: [*Mat] / *Exi) -10/Exiles -9/Mines History --------- Turn | Location | Event 7 | -11/Scrapyard | Discovered new exit (range 15) 145 | -11/Scrapyard | Entered Materials 283 | -10/Materials | Discovered new exit (range 7) 316 | -10/Materials | Build established: Mutant 438 | -10/Materials | Discovered new exit (range 6) 452 | -10/Materials | Entered Mines 453 | -10/Mines | Assembled infested the area 542 | -10/Mines | Discovered new exit (range 11) 793 | -10/Mines | Core integrity fell below 50% 842 | -10/Mines | Learned location of Storage (-7) 859 | -10/Mines | Deemed a non-threat by the Exiles lab entrance 859 | -10/Mines | Discovered new exit (range 5) 861 | -10/Mines | Entered Exiles 870 | -10/Exiles | Met 8R-AWN 877 | -10/Exiles | Met EX-HEX 887 | -10/Exiles | Met EX-BIN 891 | -10/Exiles | Aligned with FarCom system 891 | -10/Exiles | Given EX-Vault access code 900 | -10/Exiles | Opened EX-Vault 902 | -10/Exiles | Found Prototype Energy Cannon 903 | -10/Exiles | Identified Latent Energy Streamer 908 | -10/Exiles | Found Prototype Energy Cannon 910 | -10/Exiles | Identified Firepult 913 | -10/Exiles | Found Prototype Device 914 | -10/Exiles | Identified Skeleton Box 931 | -10/Exiles | Warned to stay clear of 0b10 Research branches 941 | -10/Exiles | Met EX-DEC 955 | -10/Exiles | Discovered new exit (range 14) 959 | -10/Exiles | Left Exiles lab with Latent Energy Streamer 959 | -10/Exiles | Entered Mines 997 | -9/Mines | Received a Rocket Launcher from a helpful Derelict 1037 | -9/Mines | Core integrity fell below 20% 1068 | -9/Mines | Destroyed by YI-UF0 with YI-UF0's Doublenader Last Messages --------------- Found Signal Interpreter. Found Lgt. EM Pulse Cannon. Found 15 Matter. Found 25 Matter. Dropped Particle Gun. Acquired 25 matter. YI-UF0 mumbles something. Acquired Lgt. EM Pulse Cannon. The unstable cave ceiling collapses. Acquired Signal Interpreter. A derelict is hurriedly installing traps. K-01 Serf collects debris. NC-VLN(g): "Hehe, this'll put a wrench in their mining defense operations..." NC-VLN(g) slips into the shadows. K-01 Serf collects debris. Acquired 33 matter. K-01 Serf collects debris. Lgt. EM Pulse Cannon destroyed. Destroyed Shock Absorption System. Map ----- +----------------------------------------------------+ | ????????# #????? ???????????????????#???# #??## # | | ????????# #????? ??????????????????????? #???#### | | ????????# #????? ??????????????????????####??????? | | ????????# #?????????????????####?????????????????? | | ????????# #??????#?????????# ??????????????????? | | ????????# ###### #????????# ####???????????????? | | ????????# #???????# ????????????????? | | ?# ###### ### ####?????## ?????????????????? | | ??# #?# ########?# #??????????????????? | | ??#########?# ## #?# #???????????????????? | | ????????????# # #?# #????? #???????????? | | ????????????# ### #?????? #???????????? | | ??????????###### # ##???? #???????????? | | ??????????# ###? k ##??????????? | | ???????????# ## ?????????? | | ???????????## # % ; #???????????? | | ??????????### # ## #????????????? | | ??????????# # % #???????????????? | | ?????% ! # #???????????????? | | ??? ## #???????????????? | | ??? ## ## ## ###???????????????? | | ??????#???#### #" ^ ##????????????????? | | ????????????# ## # #####????????????? | | ??????? # ## k ###??????????? | | ??????# g ????????? | | ?????? @ #????????? | | ?????? # # #????????? | | ?????? k # # # ####???????????? | | ?????? ## ####??##??????????????? | | ??????? =# ##### ###?????????????????????? | | ??????? ## ## #????# ###?????????????????????? | | ??????????????#? ?????# ###???????????????????? | | ???????????????????????# ##??????????????????? | | ???????????????????????### ######### #????????? | | ?????????????????????????## #????????? | | ??????????????????????????# #####??????????? | | ?????????????????????????## #??????????????? | | ????????????????????????## ##??????????????? | | ????????????????????????# ##???????????????? | | ????????????????????????# ##???????????????? | | ????????????????????????## ###?????????????? | | ?????????????????????????## #####?????????? | | ??????????????????????????## ##????????? | | ???????????????????????????## ## #????????? | | ????????????????????????????# ### ##???????? | | ????????????????????????????# #?# #???????? | | ????????????????????????????# ## ? | | ???????????????????????????? # | | ???????????????????????? ####### | | ??????????????????????? ##### ????? | +----------------------------------------------------+ Best States ------------- Heat Dissipation 25 Energy Generation 14 Energy Capacity 250 Matter Stores 300 Matter Capacity 300 Sight Range 16 Terrain Scan Density 10 Armor Coverage 150 Evasion (%) 62 Item Schematics ----------------- None Robot Schematics ------------------ None Fabricated ------------ Nothing Alien Tech Used ----------------- None Achievements -------------- None Challenges ------------ None Game ------ Seed MicrowarpRefineryActivator Manual? 0 Play Time 00:18:02 Cumulative 11.7 hours Start 2024.04.25 @ 18:08:18 End 2024.04.25 @ 18:23:57 Sessions 1 Manual Loads 0 Difficulty Rogue Special Mode None Game No. 20 Rogue 20 Adventurer 0 Explorer 0 Win Type - Total 0 Types 0/0/0/0/0/0/0/0/0 Lore% 19 Gallery% 20 Achievement% 17 Wizard Run 0 Options --------- Layout 1 ASCII 0 Keyboard 0 Movement Mouse Keybinds 0 Fullscreen 1 Font 24/Smallcaps Map View 50x40 Zoom Use 0% Tactical HUD 0 Map Filters NONE Filters NONE Steam 1 RUN: 61181963-2ee9-46ba-94ab-2a52e34ea01c